 Dungeon Crawl Stone Soup version 0.18-a0-1800-gdc7a371 (webtiles) character file.

44 M4edhros the Sneak (level 3, 0/23 HPs)
             Began as an Octopode Artificer on Apr 24, 2016.
             Succumbed to an adder's poison
             ... on level 2 of the Dungeon.
             The game lasted 00:01:35 (1214 turns).

M4edhros the Sneak (Octopode Artificer)             Turns: 1214, Time: 00:01:35

Health: 0/23       AC:  3    Str:  8    XL:     3   Next: 60%
Magic:  1/4        EV: 12    Int: 19    God:
Gold:   48         SH:  0    Dex: 13    Spells: 0 memorised, 2 levels left

rFire  . . .     SeeInvis .     n - -1 whip (curse)
rCold  . . .     Gourm    .     (no shield)
rNeg   . . .     Faith    .     (helmet restricted)
rPois  .         Spirit   .     (no amulet)
rElec  .         Dismiss  .     (no ring)
rCorr  .         Reflect  .     (no ring)
SustAt .         Harm     .     (no ring)
MR     .....     Clarity  +     (no ring)
Stlth  ++++......               (no ring)
                                (no ring)
                                (no ring)
                                (no ring)

@: brilliant, lethally poisoned (0 -> -2), not resistant to hostile
enchantments, stealthy
A: almost no armour, amphibious, 8 rings, constrict 8, thin metallic scales 1,
camouflage 1, clarity, low mp 1, weak 1, wild magic 1, gelatinous body 1,
MP-powered wands
a: no special abilities


You were on level 2 of the Dungeon.
You were hungry.

You visited 1 branch of the dungeon, and saw 2 of its levels.

You collected 48 gold pieces.

Inventory:

Hand Weapons
 a - a +0 short sword
 h - a +0 hunting sling
 n - a cursed -1 whip (weapon)
Missiles
 i - 16 stones (quivered)
Wands
 b - a wand of flame (15/48)
 c - a wand of enslavement (14/24)
 d - a wand of random effects (15/48)
Scrolls
 e - a scroll of identify
 g - 3 scrolls of blinking
 j - a scroll of amnesia
 l - a scroll of fog
 p - a scroll of enchant weapon {unknown}
Potions
 k - 2 potions of cure mutation
Comestibles
 f - 2 bread rations
 o - a meat ration


   Skills:
 - Level 1.0 Fighting
 - Level 1.0 Short Blades
 - Level 2.0 Dodging
 + Level 4.9 Stealth
 - Level 3.2 Evocations


You had 2 spell levels left.
You didn't know any spells.

Dungeon Overview and Level Annotations

Branches:
Dungeon (2/15)

Altars:


Innate Abilities, Weirdness & Mutations

You cannot wear most types of armour.
You are amphibious.
You can wear up to eight rings at the same time.
You can use your tentacles to constrict eight enemies at once.
Your skin changes colour to match your surroundings (Stealth).
Your rubbery body absorbs attacks (AC +1).
You are partially covered in thin metallic scales (AC +2).
You possess an exceptional clarity of mind.
Your magical capacity is low (-10% MP).
You are weak. (Str -2)
Your spells are a little harder to cast, but a little more powerful.
You expend magic power (3 MP) to strengthen your wands.


Message History

* * * LOW HITPOINT WARNING * * *
Drink which item? (? for menu, Esc to quit)
It was a potion of brilliance.
You feel clever all of a sudden. The giant cockroach barely misses you.
The kobold barely misses you.
The giant cockroach bites you but does no damage.
You see here 10 gold pieces.
You feel sick.
Evoke which item? (* to show all) (? for menu, Esc to quit)
Zapping:
c - a wand of enslavement (15/24)
Press: ? - help, Shift-Dir - straight line, f - kobold
Aim: a kobold, wielding a club (chance to defeat MR: 87%)
The kobold struggles to resist.
This wand has 14 charges left.
The kobold hits you with a club.
* * * LOW HITPOINT WARNING * * *
That item cannot be evoked!
There isn't anything here!
Unknown command.
There is a stone staircase leading down here.
You die...

##......#
###........
..........
######..$......
#....#.........
###....#s!.......
#......#$........
##...>K.s........
##..@###.........
#8...8##.$.......
##...##########..
#...##⌠###8## .
##...(.......##
#8...........8#
##...........## #.
##8###⌠##...#
.#.##########...##


You could see a giant cockroach and a kobold.

Vanquished Creatures
  An adder (D:2)
  A dart slug (D:1)
  A worm (D:2)
  2 giant geckos
  2 goblins (D:1)
  2 hobgoblins (D:1)
  2 jackals (D:1)
  5 kobolds (D:1)
  3 bats (D:1)
  3 giant newts (D:1)
  8 rats (D:1)
30 creatures vanquished.

Notes
Turn   | Place    | Note
--------------------------------------------------------------
     0 | D:1      | M4edhros the Octopode Artificer began the quest for the Orb.
     0 | D:1      | Reached XP level 1. HP: 13/13 MP: 3/3
    40 | D:1      | Reached skill level 2 in Stealth
   143 | D:1      | Reached skill level 3 in Stealth
   143 | D:1      | Reached XP level 2. HP: 17/18 MP: 4/4
   407 | D:1      | Gained mutation: You expend magic power (3 MP) to strengthen your wands. [potion of mutation]
   407 | D:1      | Gained mutation: You are partially covered in thin metallic scales (AC +2). [potion of mutation]
   407 | D:1      | Gained mutation: You possess an exceptional clarity of mind. [potion of mutation]
   433 | D:1      | Gained mutation: Your spells are a little harder to cast, but a little more powerful. [potion of mutation]
   433 | D:1      | Gained mutation: Your magical capacity is low (-10% MP). [potion of mutation]
   433 | D:1      | Gained mutation: You are weak. (Str -2) [potion of mutation]
   574 | D:1      | Reached skill level 4 in Stealth
   909 | D:1      | Reached XP level 3. HP: 17/23 MP: 4/4
  1212 | D:2      | HP: 1/23 [kobold/club (4)]
  1214 | D:2      | Succumbed to an adder's poison

Vault maps used:
D:1:      lemuel_arrival_muddy, minivault_4
D:2:      serial_corexii_hall, corexii_hall_statues_i, corexii_hall_statues_s,
          corexii_hall_statues_i, corexii_hall_statues_x,
          kennysheep_generic_room_3, uniq_crazy_yiuf_cottage

Skill      XL: |  1  2 |
---------------+-------+-----
Stealth        | 3 4 |  4.9
Fighting       | |  1.0
Short Blades   | |  1.0
Dodging        | |  2.0
Evocations     | |  3.2

Action                   || total
-------------------------++-------
Melee: Short sword       ||    25
       Constrict         ||    19
       Tentacles         ||    10
       Whip              ||    41
Evoke: Wand              ||     1
  Use: Scroll            ||     6
       Potion            ||     3
 Stab: Sleeping          ||     8
Armor: Skin              ||    18
Dodge: Dodged            ||    43
